 Dungeon Crawl Stone Soup version 0.23.2-40-g277498a001 (webtiles) character file.

Game seed: 14613091076372388181

193 Martska the Ducker (level 5, -3/40 HPs)
             Began as a Merfolk Ice Elementalist on Oct 1, 2019.
             Slain by a sky beast (5 damage)
             ... on level 3 of the Dungeon.
             The game lasted 00:09:53 (2406 turns).

Martska the Ducker (Merfolk Ice Elementalist)       Turns: 2406, Time: 00:09:53

Health: -3/40      AC:  5    Str:  9    XL:     5   Next: 72%
Magic:  0/8        EV: 14    Int: 14    God:
Gold:   109        SH:  0    Dex: 15    Spells: 2/8 levels left

rFire    . . .     SeeInvis .   f - +0 dagger
rCold    . . .     Gourm    .   (no shield)
rNeg     . . .     Faith    .   s - +0 leather armour
rPois    .         Spirit   .   (no helmet)
rElec    .         Reflect  .   (no cloak)
rCorr    .         Harm     .   l - +0 pair of gloves
MR       .....                  n - +0 pair of boots
Stlth    ++........             (no amulet)
HPRegen  0.13/turn              (no ring)
MPRegen  0.11/turn              (no ring)

@: no status effects
A: change form in water, swift swim, stealthy swim
a: no special abilities


You were on level 3 of the Dungeon.
You were not hungry.

You visited 1 branch of the dungeon, and saw 3 of its levels.

You collected 109 gold pieces.

Inventory:

Hand Weapons
 f - a +0 dagger (weapon)
 i - a +0 hand axe
 q - a +0 falchion
Missiles
 r - 3 tomahawks (quivered)
Armour
 a - a +0 robe
 l - a +0 pair of gloves (worn)
 n - a +0 pair of boots (worn)
 s - a +0 leather armour (worn)
Scrolls
 d - a scroll of fear {unknown}
 g - 5 scrolls of identify {unknown}
 m - a scroll of blinking {unknown}
Potions
 b - 4 potions of degeneration {unknown}
 e - a potion of haste {unknown}
 h - a potion of lignification {unknown}
 j - 2 potions of magic {unknown}
 o - a potion of agility {unknown}
 p - a potion of mutation {unknown}
 u - a potion of ambrosia {unknown}
Comestibles
 c - 3 rations
 t - a chunk of flesh


   Skills:
 * Level 2.9 Fighting
 * Level 4.4 Dodging
 + Level 3.0 Stealth
 + Level 2.4 Spellcasting
 - Level 0.7 Conjurations
 + Level 1.2 Charms
 + Level 4.0 Ice Magic


You had 2 spell levels left.
You knew the following spells:

 Your Spells              Type           Power        Failure   Level  Hunger
a - Freeze                Ice            ##..         6%          1    #......
b - Throw Frost           Conj/Ice       #.....       19%         2    ###....
c - Ozocubu's Armour      Chrm/Ice       #.......     32%         3    ###....

Your spell library contained the following spells:

 Spells                   Type           Power        Failure   Level  Hunger
 Throw Icicle             Conj/Ice       #.......     75%         4    #####..
 Summon Ice Beast         Ice/Summ       #.......     80%         4    #####..


Dungeon Overview and Level Annotations

Branches:
Dungeon (3/15)

Altars:
Dithmenos
Makhleb


Message History

You hit the sky beast but do no damage.
The sky beast is severely wounded.
The sky beast misses you.
You hit the sky beast but do no damage.
The sky beast is severely wounded.
The sky beast closely misses you.
You completely miss the sky beast.
The sky beast is severely wounded.
The sky beast completely misses you.
Casting: Freeze (safe; 6% risk of failure)
Confirm with . or Enter, or press ? or * to list all spells.
Aiming: Freeze (safe; 6% risk of failure)
Press: ? - help, Shift-Dir - straight line, f/p - sky beast
Aim: a sky beast (severely wounded)
You freeze the sky beast.
The sky beast is severely wounded.
The sky beast hits you.
* * * LOW HITPOINT WARNING * * *
The sky beast shocks you.
You die...

# #### ...# ##.# .#.#
#### .#.# ##..## .#.#
#∩_..### ...##
##.††Y.## ....#
##.@#..## .##.#
#####..# .##.#
###..## ###.#
###...## ###.#
##....## ....#
######....## #####
#........#####
....####.........)..#
.......#.......####.#


You could see a sky beast.

Vanquished Creatures
  A big kobold (D:3)
  A hound (D:3)
  A gnoll (D:1)
  5 adders
  A worm (D:2)
  A dart slug (D:1)
  A leopard gecko (D:2)
  An orc (D:3)
  5 bats
  A giant cockroach (D:3)
  3 goblins
  A hobgoblin (D:2)
  5 kobolds
  2 quokkas (D:3)
  3 ball pythons
  3 frilled lizards
  5 rats
40 creatures vanquished.

Notes
Turn   | Place    | Note
-------+----------+-------------------------------------------
     0 | D:1      | Martska the Merfolk Ice Elementalist began the quest for
                  | the Orb.
     0 | D:1      | Reached XP level 1. HP: 13/13 MP: 3/3
   241 | D:1      | Reached XP level 2. HP: 20/20 MP: 0/5
   577 | D:1      | Reached skill level 1 in Fighting
   644 | D:1      | Reached XP level 3. HP: 21/26 MP: 0/6
  1064 | D:2      | Learned a level 2 spell: Throw Frost
  1068 | D:2      | Learned a level 3 spell: Ozocubu's Armour
  1170 | D:2      | Found a shadowy altar of Dithmenos.
  1521 | D:2      | Reached XP level 4. HP: 29/33 MP: 3/7
  1876 | D:3      | Noticed a big kobold
  1897 | D:3      | Killed a big kobold
  1897 | D:3      | Reached skill level 1 in Charms
  1897 | D:3      | Reached XP level 5. HP: 16/39 MP: 0/8
  2244 | D:3      | Found a burning altar of Makhleb.
  2348 | D:3      | Noticed a sky beast
  2406 | D:3      | HP: 2/40 [sky beast (4)]
  2406 | D:3      | Slain by a sky beast

Skill      XL: |  1  2  3  4  5 |
---------------+----------------+-----
Dodging        | 3 4 |  4.4
Fighting       | 1 2 |  2.9
Charms         | 1 |  1.2
Stealth        | 3 |  3.0
Ice Magic      | 4 |  4.0
Spellcasting   | |  2.4
Conjurations   | |  0.7

Action                   |  1- 3 |  4- 6 || total
-------------------------+-------+-------++-------
Melee: Unarmed           |    19 |       ||    19
       Dagger            |    31 |    24 ||    55
 Cast: Freeze            |    46 |    24 ||    70
       Throw Frost       |     3 |     8 ||    11
  Use: Potion            |       |     1 ||     1
 Stab: Sleeping          |     1 |     1 ||     2
  Eat: Chunk             |     1 |     2 ||     3
       Ration            |     1 |       ||     1
Armor: Robe              |    20 |     2 ||    22
       Leather armour    |       |     6 ||     6
Dodge: Dodged            |    73 |    32 ||   105
